AoeStats
← Starsky

Nomad

509892559Analyzed
3v3 RM · 3d ago on Sep 28, 2026· 20m 52s· 6 players
Game mode
Random Map
Map size
210×210
Population
200
Speed
Normal
Resources
Standard
Victory
Conquest
Starting age
Dark Age
Ending age
Imperial Age
RankedLock teamsTeams togetherTeam positionsShared explorationLock speedFull tech treeHidden civsTurbo modeCheats
Victory
Defeat
🇨🇳 Persians · China
1795
+12
🇦🇷 Spanish · Argentina
1754
+13
🇨🇳 Koreans · China
1719
+14
🇨🇳 Magyars · China
1724
-14
🇺🇸 Khmer · United States
1723
-14
🇭🇰 Mongols · Hong Kong SAR China
1642
-11
mbxmm
12:31 Feudal Age
13:01 Loom
17:26 Castle Age
16:40 Double-Bit Axe
18:25 Bow Saw
北冥有鲲
5:00 Loom
14:12 Feudal Age
15:05 Town Watch
18:25 Castle Age
16:43 Double-Bit Axe
17:25 Horse Collar
Varrus
5:20 Loom
12:53 Feudal Age
15:55 Castle Age
14:16 Double-Bit Axe
14:23 Gold Mining
16:54 Bow Saw
17:24 Gold Shaft Mining
18:29 Town Watch
Starsky
12:23 Loom
14:34 Feudal Age
15:02 Double-Bit Axe
17:55 Castle Age
16:08 Scale Barding Armor
16:07 Gold Mining
16:32 Fishing Lines
17:31 Bloodlines
17:49 Light Cavalry
18:58 Bow Saw
18:29 Horse Collar
冥想控
9:40 Loom
12:02 Feudal Age
21:07 Castle Age
19:02 Double-Bit Axe
19:26 Fletching
20:36 Fishing Lines
20:47 Gold Mining
qeozouwajqnl
11:41 Loom
14:21 Feudal Age
14:04 Loom
17:52 Castle Age
16:29 Double-Bit Axe
17:13 Gold Mining
17:06 Fishing Lines
18:59 Padded Archer Armor
21:33 Bow Saw
22:06 Wheelbarrow
Connection lost

Rejoining the realm…

Still unreachable

The connection could not be restored.

Session expired

The server has moved on; the page needs a fresh start.